 Dungeon Crawl Stone Soup version 0.28-a0-312-gbced6e68ee (webtiles) character file.

Game seed: 11317259492700281266

2 Archison the Sneak (level 1, 0/9 HPs)
             Began as a Spriggan Enchanter on Aug 30, 2021.
             Slain by a bat (1 damage)
             ... on level 1 of the Dungeon.
             The game lasted 00:00:47 (115 turns).

Archison the Sneak (Spriggan Enchanter)              Turns: 115, Time: 00:00:47

Health: 0/9        AC:  2    Str:  4    XL:     1   Next: 25%
Magic:  5/5        EV: 17    Int: 16    God:
Gold:   0          SH:  0    Dex: 15    Spells: 5/5 levels left

rFire   . . .      SeeInvis +   a - +1 dagger
rCold   . . .      Faith    .   (shield restricted)
rNeg    . . .      Spirit   .   b - +0 robe
rPois   .          Reflect  .   (helmet restricted)
rElec   .          Harm     .   (no cloak)
rCorr   .          Rampage  .   (gloves unavailable)
Will    .....                   (boots unavailable)
Stlth   +++.......              (no amulet)
HPRegen 0.03/turn               (no ring)
MPRegen 0.09/turn               (no ring)

@: very quick
A: very small, no large weapons, unfitting armour, see invisible, speed 3
a: no special abilities


You were on level 1 of the Dungeon.
You visited 1 branch of the dungeon, and saw 1 of its levels.

Inventory:

Hand Weapons
 a - a +1 dagger (weapon)
Armour
 b - a +0 robe (worn)
Potions
 c - a potion of invisibility


   Skills:
 - Level 1.1 Short Blades
 * Level 2.7 Dodging
 * Level 4.4 Stealth
 - Level 2.7 Spellcasting
 * Level 3.7 Hexes


You had 5 spell levels left.
You didn't know any spells.
Your spell library contained the following spells:

 Spells                   Type           Power      Damage    Failure   Level
 Confusing Touch          Hex            14%        N/A       13%         3
 Tukima's Dance           Hex            14%        N/A       13%         3
 Ensorcelled Hibernation  Hex/Ice        16%        N/A       14%         2
 Dazzling Flash           Conj/Hex       16%        N/A       26%         3


Dungeon Overview and Level Annotations

Branches:
Dungeon (1/15)

Altars:


Innate Abilities, Weirdness & Mutations

You are very small and have problems with some larger weapons.
You are too small for most types of armour.
You have supernaturally acute eyesight. (SInv)
You cover ground extremely quickly. (Speed+++)


Message History

The rat is moderately wounded.
The rat closely misses you. The bat closely misses you.
You closely miss the rat.
The rat is moderately wounded.
The bat misses you. The rat bites you.
You barely miss the rat.
The rat is moderately wounded.
The bat misses you. The rat barely misses you.
You barely miss the rat. The rat bites you.
You hit the rat.
The rat is moderately wounded.
The bat closely misses you. The rat bites you.
You completely miss the rat.
The rat is moderately wounded.
The bat hits you.
* * * LOW HITPOINT WARNING * * *
The rat closely misses you.
You hit the rat.
You kill the rat!
The bat closely misses you.
You closely miss the bat. The bat misses you. The bat closely misses you.
The bat completely misses you.
You hit the bat but do no damage. The bat barely misses you.
The bat completely misses you. The bat closely misses you.
The bat barely misses you. The bat hits you but does no damage.
You miss the bat. The bat hits you.
* * * LOW HITPOINT WARNING * * *
The bat barely misses you.
Okay, then.
You closely miss the bat. The bat misses you. x2
The bat hits you but does no damage. The bat barely misses you.
The bat completely misses you. The bat misses you. x2
The bat barely misses you. The bat misses you. The bat barely misses you.
The bat closely misses you. The bat completely misses you.
The bat hits you but does no damage. The bat hits you.
You die...

#.#.##..†#..#
#...#......##
#.#...≈.≈≈...##
#.....≈.≈≈.##.#
#≈..≈≈≈≈≈.#.##
#≈.≈≈≈≈.≈...#
##.≈≈≈≈≈≈≈..##
#..≈≈≈≈≈≈≈bb#
#≈≈.≈≈..≈≈≈@###
#≈≈≈..<..≈≈...#
#.≈≈≈≈..≈...#.#
#.≈≈≈≈.≈≈≈..#)#
#.≈≈≈≈≈≈≈...###
#...≈≈≈≈≈≈...##
#...≈≈≈≈≈≈...≈.#
#.≈..≈≈....≈≈≈##
#...#.....≈≈..#


You could see 2 bats.

Vanquished Creatures
  A goblin (D:1)
  A rat (D:1)
2 creatures vanquished.

Notes
Turn   | Place    | Note
-------+----------+-------------------------------------------
     0 | D:1      | Archison the Spriggan Enchanter began the quest for the
                  | Orb.
     0 | D:1      | Reached XP level 1. HP: 9/9 MP: 5/5
   115 | D:1      | Slain by a bat

Illustrated notes

Levels and vault maps discovered:
D:1:      dpeg_arrival_subterranean_lakeside_camping, layout_loops_corners,
          serial_co_window_serial, co_window_corner_a, co_window_corner_a,
          co_window_corner_a, co_window_paths_a, co_window_of_opportunity_a,
          co_window_corner_b, co_window_of_opportunity_b, co_window_2corner,
          co_window_2corner, co_window_corner_b, co_window_paths_e,
          co_window_4corner_b, glass_columns_b,
          shapermc_ecumenical_altar_rom_forum

Action                   || total
-------------------------++-------
Melee: Dagger            ||    20
Armor: Robe              ||     4
Dodge: Dodged            ||    43

Table legend: (Time is in decaauts)
 A = Elapsed time spent in this place.
 B = Non-inter-level travel time spent in this place.
 C = Inter-level travel time spent in this place.
 D = Time resting spent in this place.
 E = Time spent auto-exploring this place.
 F = Levels seen in this place.
 G = Mean time per level.
                   A        B        C        D        E       F      G
               +--------+--------+--------+--------+--------+-----+--------+
         Total |     97 |     97 |      0 |      0 |     64 |   1 |   97.0 |
       Dungeon |     97 |     97 |      0 |      0 |     64 |   1 |   97.0 |
               +--------+--------+--------+--------+--------+-----+--------+

Top non-repeatable levels by time:
     D:1: 97 daAuts
